Map: Catalyst LE

Players

MaSa - Winner!

  • Race: Terran Terran
  • Spawn Location: 5:00

lucifron

  • Race: Terran Terran
  • Spawn Location: 11:00

Event: WCS Valencia 2018

VOD

Have the link to the VOD?

Description

Time

  • Played on: July 12, 2018, 6:44 a.m.
  • Length: 13:21

All games in this series

Show
View Real Time Build Order
Export as new Build Order

MaSa Terran - Winner!

Build Orders: Cyclone Opening, Bio Tank 

Get SALT Encoding   

  12  0:00  SCV  
  13  0:12  SCV  
  14  0:17  Supply Depot  
  14  0:24  SCV  
  14  0:28  Refinery  
  15  0:39  SCV  
  16  0:45  Barracks  
  16  0:51  SCV  
  16  0:56  Refinery  
  17  1:03  SCV  
  18  1:15  SCV  
  19  1:32  Reaper, Orbital Command  
  20  1:35  Factory  
  20  1:44  Supply Depot  
  20  1:57  SCV  
  21  2:04  Reaper  
  22  2:09  SCV  
  23  2:19  Cyclone  
  23  2:21  SCV  
  27  2:34  Command Center  
  27  2:37  SCV  
  28  2:47  Starport  
  28  2:54  Supply Depot  
  28  2:56  Barracks Reactor  
  28  3:06  Cyclone  
  31  3:16  SCV  
  32  3:24  Medivac  
  34  3:29  SCV  
  34  3:33  Marine x2  
  36  3:41  SCV  
  37  3:45  Cyclone  
  37  3:46  Orbital Command  
  40  3:51  Marine  
  40  3:52  Marine  
  40  3:53  SCV  
  43  3:56  Starport Tech Lab  
  43  4:05  SCV  
  44  4:12  Barracks  
  44  4:14  SCV  
  44  4:15  Barracks Tech Lab  
  45  4:17  SCV  
  45  4:19  Factory Tech Lab  
  46  4:26  SCV  
  46  4:29  SCV  
  47  4:32  Raven  
  47  4:38  SCV  
  50  4:40  Supply Depot, Marine  
  50  4:41  Bunker  
  50  4:43  SCV  
  52  4:46  Supply Depot  
  52  4:47  Refinery  
  52  4:52  Stimpack  
  52  4:57  SCV  
  52  4:58  Marine  
  54  5:02  Supply Depot, SCV, Marine  
  56  5:09  Barracks  
  56  5:10  Supply Depot, SCV  
  57  5:14  Engineering Bay  
  57  5:18  SCV  
  58  5:25  Siege Tank  
  58  5:26  Starport Reactor  
  58  5:27  Marine  
  62  5:30  SCV  
  62  5:34  Marine x2  
  65  5:36  SCV  
  65  5:41  Supply Depot  
  65  5:42  Terran Infantry Weapons Level 1  
  66  5:44  Marine  
  66  5:45  SCV  
  68  5:50  SCV  
  68  5:51  Marine x2, Refinery  
  71  5:58  SCV, Siege Tank  
  71  6:02  Combat Shields, Marine  
  71  6:03  Marine  
  77  6:05  Supply Depot  
  77  6:06  SCV  
  77  6:09  Marine x2  
  77  6:11  SCV  
  81  6:18  SCV  
  82  6:22  Medivac, Marine x2  
  82  6:23  SCV  
  81  6:27  Marine  
  81  6:29  Marine  
  81  6:30  SCV, Medivac  
  86  6:35  SCV  
  86  6:37  Supply Depot  
  86  6:39  Marine x2  
  86  6:42  SCV  
  86  6:45  Marine  
  90  6:47  SCV, Marine  
  90  6:52  Medivac  
  94  6:57  Marine x2  
  94  6:58  Barracks  
  96  7:02  Command Center  
  96  7:06  Barracks  
  96  7:07  SCV  
  96  7:08  Marine x2  
  97  7:10  Medivac  
  97  7:14  SCV  
  97  7:15  Marine x2  
  101  7:24  SCV  
  101  7:25  Marine  
  101  7:26  Medivac  
  101  7:28  SCV  
  91  7:30  Marine  
  91  7:33  Marine  
  91  7:35  Supply Depot  
  91  7:36  SCV  
  91  7:37  Terran Infantry Armor Level 1  
  91  7:40  Medivac, Siege Tank  
  91  7:42  SCV  
  97  7:46  Marine x2  
  97  7:52  Marine x2  
  93  7:59  SCV  
  93  8:00  Marine  
  93  8:02  SCV  
  93  8:04  Marine  
  93  8:05  Barracks Reactor x2  
  93  8:08  Armory  
  93  8:09  Engineering Bay  
  93  8:10  Medivac  
  93  8:11  SCV  
  96  8:13  Marine x2  
  96  8:17  SCV  
  96  8:18  Marine, Refinery  
  96  8:19  SCV  
  101  8:21  Marine, Refinery  
  101  8:23  SCV  
  103  8:27  Medivac, Siege Tank  
  103  8:30  SCV  
  103  8:31  Marine  
  106  8:36  Marine  
  106  8:39  Marine  
  106  8:40  SCV  
  108  8:42  Orbital Command  
  108  8:43  Factory  
  108  8:45  SCV, Barracks Reactor  
  108  8:47  Liberator, Marine x3  
  112  8:49  Marine  
  112  8:51  Marine  
  112  8:52  SCV  
  112  8:53  Marine  
  116  8:57  SCV, Marine  
  116  8:59  Siege Tank  
  121  9:04  SCV  
  121  9:05  Marine x3  
  121  9:07  Marine  
  121  9:09  Marine  
  130  9:10  SCV  
  130  9:11  SCV, Marine  
  130  9:15  Marine  
  130  9:16  SCV  
  131  9:22  Marine  
  131  9:23  Terran Infantry Weapons Level 2, SCV  
  133  9:31  Supply Depot x2  
  133  9:32  Supply Depot  
  133  9:42  Command Center  
  133  9:44  Terran Infantry Armor Level 2  
  133  9:50  Marine  
  133  9:51  Marine  
  133  9:52  Medivac, Marine x6  
  133  9:53  Siege Tank x2, Marine  
  143  10:01  Medivac  
  145  10:08  Terran Vehicle Weapons Level 1, Marine  
  145  10:09  Marine x3  
  145  10:10  Marine x4  
  153  10:15  Marine  
  154  10:22  Medivac  
  154  10:23  Supply Depot x2  
  154  10:24  Supply Depot  
  154  10:26  Marine  
  157  10:28  Marine  
  157  10:29  Marine x2  
  157  10:30  Siege Tank  
  157  10:31  Siege Tank, Marine x4  
  157  10:33  Marine  
  150  10:36  Medivac  
  148  10:44  Marine  
  148  10:46  Marine x2, Refinery  
  148  10:47  Marine  
  148  10:49  Marine x4, Refinery  
  141  10:51  Marine  
  141  10:52  Medivac  
  141  10:56  Planetary Fortress  
  144  11:02  Siege Tank  
  144  11:03  Siege Tank  
  149  11:05  Marine x3  
  149  11:06  Medivac  
  149  11:07  Marine  
  149  11:09  Supply Depot, Marine x3  
  157  11:12  Marine x2  
  159  11:22  Medivac  
  159  11:23  Marine x3  
  159  11:24  Marine  
  165  11:26  Starport  
  165  11:27  Marine x2  
  165  11:31  Marine x3  
  170  11:34  Siege Tank  
  170  11:35  Siege Tank  
  170  11:39  Fusion Core  
  176  11:40  Marine  
  176  11:41  Marine  
  176  11:42  Marine x2  
  176  11:44  Marine  
  176  11:45  Marine  
  182  11:49  Marine x3  
  175  11:58  Marine  
  157  12:02  Marine x5  
  157  12:05  SCV  
  157  12:06  Siege Tank  
  157  12:07  Marine x3  
  157  12:08  SCV  
  160  12:11  Medivac  
  162  12:16  SCV x2, Marine  
  162  12:19  Marine  
  162  12:20  Fusion Core, Marine x4  
  162  12:22  SCV  
  171  12:40  Marine x2  
  173  12:49  Marine x3  
  173  12:50  Marine, Starport Tech Lab  
  177  12:51  SCV x3  
  177  12:53  Marine x2  
  177  12:58  Marine x2  
Show
View Real Time Build Order
Export as new Build Order

lucifron Terran 

Build Orders: Cyclone Opening, Gas First Reaper Expand, Reaper Expand 

Get SALT Encoding   

  12  0:00  SCV  
  13  0:12  SCV  
  14  0:17  Supply Depot  
  14  0:25  SCV  
  14  0:27  Refinery  
  15  0:38  SCV  
  16  0:44  Barracks  
  16  0:50  SCV  
  17  1:03  SCV  
  18  1:15  SCV  
  19  1:30  Orbital Command  
  19  1:31  Reaper  
  20  1:42  Command Center  
  20  1:54  Factory  
  20  1:57  SCV  
  21  2:02  Refinery  
  21  2:09  Barracks Reactor, SCV  
  21  2:15  Supply Depot  
  22  2:21  SCV  
  23  2:36  SCV  
  24  2:38  Cyclone  
  27  2:46  Marine x2  
  27  2:48  SCV  
  30  2:54  Orbital Command  
  30  3:00  SCV  
  29  3:13  SCV  
  30  3:23  SCV  
  30  3:25  SCV  
  32  3:31  Cyclone x2  
  38  3:37  SCV x2  
  40  3:46  Supply Depot  
  40  3:49  SCV x2  
  40  3:50  Command Center  
  42  4:01  SCV x2  
  44  4:07  Supply Depot  
  44  4:09  Cyclone  
  47  4:10  Cyclone  
  47  4:13  SCV  
  47  4:14  SCV  
  52  4:26  SCV x2  
  52  4:27  Supply Depot  
  52  4:38  SCV x2  
  53  4:41  Barracks Tech Lab  
  53  4:49  Barracks  
  53  4:50  SCV x2  
  53  4:51  Factory Reactor  
  55  4:53  Barracks  
  55  5:02  SCV x2  
  55  5:03  Refinery  
  55  5:04  Refinery, Orbital Command  
  57  5:07  Marine  
  57  5:08  Engineering Bay  
  57  5:09  Engineering Bay  
  58  5:14  SCV x2  
  58  5:18  Supply Depot  
  60  5:25  Marine  
  60  5:26  SCV x2  
  60  5:28  Supply Depot  
  63  5:34  SCV  
  63  5:35  Starport  
  64  5:38  SCV  
  64  5:40  Factory Reactor, Marine x2  
  64  5:41  Terran Infantry Weapons Level 1  
  67  5:44  Terran Infantry Armor Level 1  
  67  5:46  SCV x2  
  67  5:48  Marine x2  
  71  5:50  Marine  
  71  5:54  SCV  
  73  5:58  SCV x2  
  73  5:59  Marine x2  
  73  6:00  Supply Depot  
  77  6:06  SCV  
  77  6:10  SCV x2  
  80  6:15  Barracks Tech Lab  
  77  6:18  SCV  
  77  6:22  SCV  
  77  6:24  Marine x4  
  82  6:30  SCV  
  82  6:31  SCV  
  83  6:33  Barracks  
  83  6:34  Factory Tech Lab, Barracks  
  83  6:35  Armory, Supply Depot, Medivac x2  
  86  6:41  Marine x2  
  86  6:42  Marine x3  
  86  6:44  SCV x3  
  94  6:50  Supply Depot  
  94  6:53  Siege Tank  
  97  6:58  Marine  
  97  7:00  SCV x2  
  99  7:02  Marine x2  
  98  7:08  Marine x2  
  98  7:11  Medivac x2  
  98  7:13  SCV x3  
  106  7:20  Marine x2  
  106  7:21  Marine x2  
  106  7:22  Marine  
  101  7:26  Marine x2  
  101  7:27  SCV x3  
  93  7:37  Terran Infantry Weapons Level 2  
  93  7:38  Marine x2  
  93  7:39  SCV x3  
  93  7:42  Terran Infantry Armor Level 2  
  93  7:43  Barracks Reactor  
  99  7:48  Marine x2  
  99  7:51  SCV x2  
  101  7:56  Barracks Tech Lab  
  93  8:00  SCV  
  93  8:03  SCV x2  
  93  8:04  Barracks Tech Lab  
  93  8:05  Medivac, Siege Tank  
  99  8:06  Medivac  
  99  8:12  SCV  
  104  8:15  SCV x2  
  104  8:19  Marine x4  
  98  8:24  SCV  
  95  8:27  SCV x2, Marine x2  
  95  8:28  Marine x2  
  99  8:34  Stimpack, Combat Shields  
  99  8:36  SCV  
  99  8:39  SCV x2  
  102  8:43  Marine x2  
  102  8:45  Siege Tank  
  102  8:48  SCV  
  102  8:51  SCV  
  102  8:52  SCV  
  104  8:58  Marine  
  104  8:59  Marine x4  
  104  9:01  SCV  
  110  9:03  SCV, Medivac  
  110  9:04  SCV  
  110  9:05  Refinery  
  110  9:08  Refinery  
  114  9:13  SCV  
  114  9:16  SCV x2  
  116  9:17  Siege Tank, Marine  
  120  9:25  SCV, Marine x4  
  120  9:28  Supply Depot  
  120  9:29  Supply Depot  
  120  9:30  Terran Vehicle Weapons Level 1  
  125  9:35  SCV  
  125  9:36  SCV  
  125  9:50  SCV, Medivac x2  
  130  9:54  Marine x2  
  130  9:58  Marine x4  
  131  10:02  Siege Tank  
  131  10:05  Marine x2  
  132  10:12  Marine x2  
  132  10:13  SCV x2  
  136  10:16  Supply Depot, Marine x3  
  136  10:17  Supply Depot x2  
  136  10:19  Sensor Tower  
  136  10:20  Medivac  
  141  10:23  Supply Depot  
  89  10:28  Medivac  
  139  10:30  Marine x2  
  139  10:31  Marine x2  
  139  10:34  Siege Tank  
  141  10:37  Marine x3  
  141  10:40  Marine  
  137  10:47  Marine  
  137  10:48  Marine  
  137  10:49  Marine x2  
  134  10:50  Medivac  
  134  10:55  Marine x3  
  139  10:58  Medivac, Marine  
  140  11:05  Marine x2  
  140  11:06  Marine x2  
  144  11:13  Marine x3  
  144  11:15  Marine, Barracks  
  148  11:23  Marine x2  
  148  11:24  Marine x2  
  152  11:31  Marine x3  
  155  11:33  Marine  
  155  11:34  Supply Depot  
  155  11:35  Supply Depot  
  155  11:37  Siege Tank  
  159  11:41  Marine x2  
  159  11:42  Marine x2  
  163  11:49  Marine x3  
  163  11:51  Marine  
  157  11:59  Marine x2  
  157  12:00  Marine x2  
  135  12:06  Marine x3  
  128  12:09  Marine  
  124  12:17  Barracks Reactor, Marine x2  
  124  12:18  Marine x2  
  128  12:24  Marine x3  
  128  12:27  Medivac x2, Marine, Siege Tank  
  139  12:34  Marine  
  139  12:35  Marine x2  
  139  12:36  Marine  
  143  12:42  Marine  
  136  12:51  Marine x2  
  136  12:52  Marine x3  
  136  12:53  Marine  
  136  12:54  Factory  
  136  12:55  Supply Depot, Factory  
  142  13:03  Marine x3  
Tags
 
Add a new tag
Caveats
  • Supply blocks, unpowered buildings, or Contaminate may cause inaccurate times.
  • Supply counts are checked every 10 seconds.